 Dungeon Crawl Stone Soup version 0.26.1-2-gb8aa6d0cf2 (webtiles) character file.

Game seed: 15450185169639802295

37 bearlyready the Changer (level 3, -2/26 HPs)
             Began as a Merfolk Transmuter on Mar 15, 2021.
             Slain by an iguana (6 damage)
             ... on level 2 of the Dungeon.
             The game lasted 00:04:00 (1330 turns).

bearlyready the Changer (Merfolk Transmuter)        Turns: 1330, Time: 00:04:01

Health: -2/26      AC:  2    Str: 10    XL:     3   Next: 39%
Magic:  6/6        EV: 13    Int: 13    God:
Gold:   75         SH:  0    Dex: 14    Spells: 3/6 levels left

rFire    . . .     SeeInvis .     - Unarmed
rCold    . . .     Faith    .   (no shield)
rNeg     . . .     Spirit   .   a - +0 robe
rPois    .         Reflect  .   (helmet currently unavailable)
rElec    .         Harm     .   (no cloak)
rCorr    .         Rampage  .   (no gloves)
Will     .....                  (boots currently unavailable)
Stlth    +.........             (no amulet)
HPRegen  0.08/turn              (no ring)
MPRegen  0.10/turn              (no ring)

@: brilliant, appendages
A: change form in water, swift swim, stealthy swim, horns 2
a: End Transformation


You were on level 2 of the Dungeon.
You had grown temporary horns.
You visited 1 branch of the dungeon, and saw 2 of its levels.

You collected 75 gold pieces.

Inventory:

Armour
 a - a +0 robe (worn)
Scrolls
 b - a scroll of teleportation {unknown}
 g - 2 scrolls of identify {unknown}
 j - a scroll of remove curse {unknown}
Potions
 c - a potion of ambrosia {unknown}
 d - 2 potions of haste
 e - a potion of lignification {unknown}
 f - a potion of brilliance
 h - 2 potions of flight {unknown}
 i - 2 potions of degeneration {unknown}


   Skills:
 - Level 1.1 Fighting
 - Level 2.6 Dodging
 - Level 3.2 Unarmed Combat
 - Level 2.0 Spellcasting
 + Level 5.0 Transmutations


You had 3 spell levels left.
You knew the following spells:

 Your Spells              Type           Power        Failure   Level
a - Beastly Appendage     Tmut           42%          3%          1
b - Wereblood             Tmut           21%          4%          2

Your spell library contained the following spells:

 Spells                   Type           Power        Failure   Level
 Spider Form              Tmut/Pois      5%           26%         3
 Ice Form                 Ice/Tmut       11%          65%         4
 Blade Hands              Tmut           10%          65%         5


Dungeon Overview and Level Annotations

Branches:
Dungeon (2/15)

Altars:


Innate Abilities, Weirdness & Mutations

You revert to your normal form in water.
You are very nimble and swift while swimming.
You are very stealthy in the water. (Stealth+)
You have a pair of horns on your head.


Message History

You hit the iguana but do no damage. The iguana bites you!
You hit the iguana but do no damage.
You headbutt the iguana, but do no damage.
The iguana barely misses you.
You barely miss the iguana. The iguana closely misses you.
You barely miss the iguana. The iguana barely misses you.
You hit the iguana. Your headbutt misses the iguana.
The iguana is moderately wounded.
The iguana barely misses you.
You hit the iguana but do no damage.
The iguana is moderately wounded.
The iguana barely misses you.
You completely miss the iguana. You punch the iguana.
The iguana is heavily wounded.
The iguana bites you!
* * * LOW HITPOINT WARNING * * *
It was a potion of brilliance.
You feel clever all of a sudden. The iguana bites you.
You die...

...# #†###
###.#######.#
#<..........#
###.#########
#.# #.# #.# #
#l# #.#@##.#
#.....!#
###........
#########


You could see an iguana.

Vanquished Creatures
  An ooze (D:1)
  A dart slug (D:1)
  2 leopard geckos (D:1)
  2 bats (D:1)
  3 giant cockroaches (D:1)
  5 goblins
  2 hobgoblins (D:1)
  2 kobolds (D:1)
  3 frilled lizards (D:1)
  6 rats
27 creatures vanquished.

Vanquished Creatures (others)
  7 fungi (D:2)
  6 plants (D:2)
13 creatures vanquished.

Grand Total: 40 creatures vanquished

Notes
Turn   | Place    | Note
-------+----------+-------------------------------------------
     0 | D:1      | bearlyready the Merfolk Transmuter began the quest for the
                  | Orb.
     0 | D:1      | Reached XP level 1. HP: 15/15 MP: 3/3
    36 | D:1      | Reached skill level 3 in Transmutations
    44 | D:1      | Reached XP level 2. HP: 19/21 MP: 1/5
   169 | D:1      | Reached skill level 4 in Transmutations
   325 | D:1      | Learned a level 2 spell: Wereblood
   408 | D:1      | Reached XP level 3. HP: 19/26 MP: 6/6
   948 | D:2      | Reached skill level 5 in Transmutations
  1330 | D:2      | Slain by an iguana

Illustrated notes

Levels and vault maps discovered:
D:1:      dpeg_arrival_connections, layout_rooms, serial_bayou_pond_b,
          serial_bayou_ford_a
D:2:      layout_basic, fedhas_altar_3

Skill      XL: |  1  2  3 |
---------------+----------+-----
Transmutations | 3 4 5 |  5.0
Fighting       | |  1.1
Dodging        | |  2.6
Unarmed Combat | |  3.2
Spellcasting   | |  2.0

Action                   || total
-------------------------++-------
Melee: Unarmed           ||    95
       Headbutt          ||    11
       Tailslap          ||     1
       Punch             ||     1
 Cast: Beastly Appendage ||    15
  Use: Potion            ||     2
 Stab: Sleeping          ||     2
Armor: Robe              ||    11
Dodge: Dodged            ||    64
